 Dungeon Crawl Stone Soup version 0.25.1-2-g60ff931df9 (webtiles) character file.

Game seed: 12820923869270916317

109 hawla the Stinger (level 4, -1/33 HPs)
             Began as a Draconian Venom Mage on Nov 16, 2020.
             Killed by nerve-wracking pain
             ... invoked by a shadow imp
              (10 damage)
             ... on level 3 of the Dungeon.
             The game lasted 00:09:37 (3317 turns).

hawla the Stinger (Draconian Venom Mage)            Turns: 3317, Time: 00:09:37

Health: -1/33      AC:  6    Str: 10    XL:     4   Next: 59%
Magic:  17/17      EV: 12    Int: 17    God:
Gold:   146        SH:  0    Dex: 11    Spells: 0/9 levels left

rFire    . . .     SeeInvis .   (no weapon)
rCold    . . .     Gourm    .   (no shield)
rNeg     . . .     Faith    .   (armour unavailable)
rPois    .         Spirit   .   (helmet restricted)
rElec    .         Reflect  .   o - +0 cloak
rCorr    .         Harm     .   (no gloves)
MR       .....                  (no boots)
Stlth    ++........             (no amulet)
HPRegen  0.11/turn              k - ring of wizardry
MPRegen  0.15/turn              p - ring of magical power

@: brilliant, very slightly contaminated, invisible
A: unfitting armour, cold-blooded, AC +5
a: no special abilities


You were on level 3 of the Dungeon.
You were not hungry.

You visited 1 branch of the dungeon, and saw 3 of its levels.

You collected 146 gold pieces.

Inventory:

Missiles
 f - 54 poisoned darts (quivered)
Armour
 o - a +0 cloak (worn)
Jewellery
 k - a ring of wizardry (left hand)
 l - a +6 ring of intelligence
 n - a +4 ring of protection
 p - a ring of magical power (right hand)
Wands
 d - a wand of polymorph (5)
Scrolls
 e - 2 scrolls of identify
 j - a scroll of enchant armour {unknown}
 m - a scroll of remove curse {unknown}
Comestibles
 b - 3 rations


   Skills:
 - Level 1.7 Dodging
 - Level 1.7 Stealth
 + Level 3.0 Spellcasting
 + Level 2.1 Transmutations
 + Level 0.2 Fire Magic
 - Level 1.0 Air Magic
 * Level 4.0 Poison Magic


You couldn't memorise any spells.
You knew the following spells:

 Your Spells              Type           Power        Failure   Level  Hunger
a - Ignite Poison         Fire/Tmut/Pois ##......     9%          3    None
b - Poisonous Vapours     Pois/Air       ###...       4%          2    None
c - Olgreb's Toxic Radia  Pois           ###.....     13%         4    None

Your spell library contained the following spells:

 Spells                   Type           Power        Failure   Level  Hunger
 Sting                    Tmut/Pois      ###.         1%          1    None
 Mephitic Cloud           Conj/Pois/Air  ##......     11%         3    None


Dungeon Overview and Level Annotations

Branches:
Dungeon (3/15)

Altars:
Ashenzari
Okawaru
Xom


Innate Abilities, Weirdness & Mutations

Your plain brown scales are hard. (AC +5)
You cannot fit into any form of body armour.
You are cold-blooded and may be slowed by cold attacks.


Message History

The scroll dissolves into smoke.
It was a scroll of fog.
The shadow imp hits you.
* * * LOW HITPOINT WARNING * * *
You feel better. The shadow imp barely misses you.
It was a potion of invisibility.
You fade into invisibility!
The shadow imp closely misses you.
You are very lightly contaminated with residual magic.
You completely miss the shadow imp.
The shadow imp is severely wounded.
The shadow imp closely misses you.
You hit the shadow imp.
You tail-slap the shadow imp, but do no damage.
The shadow imp is severely wounded.
The shadow imp barely misses you.
You hit the shadow imp but do no damage.
The shadow imp is severely wounded.
The shadow imp gestures at you. Pain shoots through your body!
You die...

.......###.###
#.#
##...........#
#.#
###.##.###.#)#
#.# #.##.#
#.#.# #.#
.....#
#.#.###.#
##+####
#.......##
###.##...#
#......#
##.#.@.#
####...#5##
+........#
####...#.#
##.##.# ####.#
##§# #§§#
########§##


You could see a shadow imp.

Vanquished Creatures
  A hound (D:2)
  2 adders (D:2)
  A worm (D:3)
  2 leopard geckos
  3 orcs (D:3)
  2 ball pythons (D:2)
  7 bats
  4 giant cockroaches
  7 goblins
  6 hobgoblins
  2 jackals (D:1)
  2 kobolds
  A quokka (D:3)
  6 frilled lizards
  8 rats
54 creatures vanquished.

Notes
Turn   | Place    | Note
-------+----------+-------------------------------------------
     0 | D:1      | hawla the Draconian Venom Mage began the quest for the Orb.
     0 | D:1      | Reached XP level 1. HP: 14/14 MP: 3/3
   242 | D:1      | Reached XP level 2. HP: 4/20 MP: 0/5
  1732 | D:2      | Reached XP level 3. HP: 26/26 MP: 1/6
  1886 | D:2      | Found a faded altar of an unknown god.
  1901 | D:2      | Found a shimmering altar of Xom.
  1902 | D:2      | Found a shimmering altar of Xom.
  1908 | D:3      | Learned a level 2 spell: Poisonous Vapours
  1919 | D:2      | Found a shimmering altar of Xom.
  1919 | D:2      | Found a shimmering altar of Xom.
  1924 | D:2      | Found a shimmering altar of Xom.
  1924 | D:2      | Reached XP level 4. HP: 7/33 MP: 0/8
  2302 | D:2      | Found a shimmering altar of Xom.
  2352 | D:2      | Learned a level 4 spell: Olgreb's Toxic Radiance
  2385 | D:2      | Reached skill level 1 in Air Magic
  2817 | D:3      | Learned a level 3 spell: Ignite Poison
  3086 | D:3      | Found a shattered altar of Ashenzari.
  3164 | D:3      | Found an iron altar of Okawaru.
  3174 | D:3      | Reached skill level 4 in Poison Magic
  3317 | D:3      | Killed from afar by a shadow imp

Illustrated notes

Levels and vault maps discovered:
D:1:      psy_arrival_conway, layout_basic
D:2:      layout_basic, xom_redecorated, first_ration,
          chequers_ecumenical_altar_simple_redux
D:3:      layout_loops_corners, elyvilon_altar_4, kennysheep_okawaru_gauntlet,
          nicolae_ashenzari_panopticon

Skill      XL: |  1  2  3  4 |
---------------+-------------+-----
Transmutations | 2 |  2.1
Air Magic      | 1 |  1.0
Spellcasting   | 3 |  3.0
Poison Magic   | 4 |  4.0
Dodging        | |  1.7
Stealth        | |  1.7
Fire Magic     | |  0.2

Action                   |  1- 3 |  4- 6 || total
-------------------------+-------+-------++-------
Melee: Unarmed           |    18 |    45 ||    63
       Tailslap          |     1 |     4 ||     5
 Cast: Sting             |    56 |     2 ||    58
       Poisonous Vapours |       |    13 ||    13
       Olgreb's Toxic Ra |       |     6 ||     6
       Ignite Poison     |       |     1 ||     1
Evoke: Wand              |       |     2 ||     2
  Use: Potion            |       |     5 ||     5
       Scroll            |       |     3 ||     3
  Eat: Chunk             |     4 |     3 ||     7
       Ration            |       |     1 ||     1
Armor: Skin              |    18 |    13 ||    31
Dodge: Dodged            |    56 |    25 ||    81
